 Dungeon Crawl Stone Soup version 0.31.0-12-g77e489cdc1 (webtiles) character file.

Game seed: 10018544806617797077

10427 monsoonserge the Covert (level 11, -3/56 HPs)
             Began as a Spriggan Monk on Feb 19, 2024.
             Was a High Priest of Uskayaw.
             Slain by a black mamba (21 damage)
             ... on level 2 of the Lair of Beasts.
             The game lasted 00:47:53 (12766 turns).

monsoonserge the Covert (Spriggan Monk)            Turns: 12766, Time: 00:47:53

Health: -3/56      AC:  4    Str:  7    XL:     11   Next: 36%
Magic:  24/27      EV: 31    Int: 13    God:    Uskayaw [*****.]
Gold:   1186       SH:  5    Dex: 21    Spells: 12/14 levels left

rFire   + . .        M - +4 short sword (freeze)
rCold   . . .        R - +0 buckler
rNeg    . . .        w - +5 robe of Misfortune {Harm *Corrode *Slow EV+5}
rPois   +            (helmet restricted)
rElec   .            B - +0 cloak
rCorr   .            (gloves unavailable)
SInv    +            (boots unavailable)
Will    +....        n
                       - Hermit's Pendant {Faith Invo=14 Evo=0 MP+5}
Stlth   +++++        D - ring of poison resistance
HPRegen 0.29/turn    I - ring of protection from fire
MPRegen 0.20/turn

%: corrode self (3%), slow self (1%), harm (+30% outgoing, +20% incoming), faith
@: corroded, very quick
A: very small, no large weapons, unfitting armour, see invisible, speed 3
a: Renounce Religion, Stomp, Line Pass, Grand Finale


You were on level 2 of the Lair of Beasts.
You worshipped Uskayaw.
Uskayaw was noncommittal.
You visited 3 branches of the dungeon, and saw 13 of its levels.
You also visited: Sewer and Bailey.

You collected 1362 gold pieces.
You spent 176 gold pieces at shops.

Inventory:

Hand Weapons
 a - a +0 short sword
 C - a +0 orcbow
 M - a +4 short sword of freezing (weapon)
Missiles
 j - 19 poisoned darts
 v - 3 throwing nets
 x - 2 atropa-tipped darts
 J - 8 boomerangs (quivered)
 L - a curare-tipped dart
Armour
 b - a +0 robe
 w - the +5 robe of Misfortune (worn) {Harm *Corrode *Slow EV+5}
   (You found it on level 3 of the Dungeon)

   EV+5:      It affects your evasion (+5).
   *Corrode:  It may corrode you when you take damage.
   *Slow:     It may slow you when you take damage.
   Harm:      It increases damage dealt and taken.
 B - a +0 cloak (worn)
 R - a +0 buckler (worn)
Magical Staves
 K - the staff of the Fox {rElec Str+3 Dex+3 Air}
   (You found it in a bailey)

   [staff of air]

   Base accuracy: +5 Base damage: 5 Base attack delay: 1.2 This weapon's minimum
   attack delay (0.6) is reached at skill level 12.
   Str+3:     It affects your strength (+3).
   Dex+3:     It affects your dexterity (+3).
   rElec:     It insulates you from electricity.
   Air:       It increases the power of your Air spells.
   It falls into the 'Staves' category.
   It is a two-handed weapon.
Jewellery
 n - the Hermit's Pendant (around neck) {Faith Invo=14 Evo=0 MP+5}
   (You found it on level 2 of the Dungeon)

   [amulet of faith]

   Invo=14: It sets your Invocations skill to 14.
   Evo=0: It sets your Evocations skill to 0.
   Faith:     It allows you to gain divine favour quickly.
   MP+5:      It affects your magic capacity (+5).
 D - a ring of poison resistance (left hand)
 I - a ring of protection from fire (right hand)
Wands
 N - a wand of flame (17)
 O - a wand of mindburst (24)
 Q - a wand of light (4)
Scrolls
 d - 5 scrolls of fear {unknown}
 l - 12 scrolls of teleportation
 m - 2 scrolls of blinking
 o - 5 scrolls of fog
 p - a scroll of butterflies {unknown}
 s - 2 scrolls of brand weapon
 t - a scroll of amnesia {unknown}
 y - 2 scrolls of immolation
 z - 3 scrolls of revelation
 A - 2 scrolls of enchant armour
 E - 2 scrolls of enchant weapon {unknown}
 G - 2 scrolls of vulnerability {unknown}
Potions
 c - 2 potions of ambrosia
 e - 3 potions of enlightenment
 f - 3 potions of heal wounds
 g - a potion of brilliance {unknown}
 h - 4 potions of curing {unknown}
 i - 6 potions of mutation
 k - a potion of lignification
 q - 5 potions of invisibility {unknown}
 r - 4 potions of haste
 u - 3 potions of cancellation {unknown}
 F - a potion of attraction {unknown}
 H - 2 potions of magic {unknown}
 P - a potion of resistance {unknown}


   Skills:
 + Level 6.3 Fighting
 - Level 10.0 Short Blades
 - Level 3.0 Ranged Weapons
 + Level 6.9 Throwing
 + Level 11.5 Dodging
 + Level 11.5 Stealth
 * Level 1.9 Shields
 - Level 2.0 Spellcasting
 - Level 4.0 Translocations


You had 12 spell levels left.
You knew the following spells:

 Your Spells              Type           Power      Damage    Failure   Level
a - Blink                 Tloc           22%        N/A       12%         2

Your spell library contained the following spells:

 Spells                   Type           Power      Damage    Failure   Level
 Magic Dart               Conj           4%         1d3       38%         1
 Call Imp                 Summ           2%         N/A       52%         2
 Cigotuvi's Dreadful Rot  Necr/Alch/Air  2%         N/A       52%         2
 Ensorcelled Hibernation  Hex/Ice        2%         N/A       52%         2
 Manifold Assault         Tloc           11%        N/A       61%         4
 Passage of Golubria      Tloc           11%        N/A       61%         4
 Fugue of the Fallen      Necr           1%         N/A       77%         3
 Hailstorm                Conj/Ice       1%         3d5       77%         3
 Ozocubu's Armour         Ice            1%         N/A       77%         3
 Summon Ice Beast         Ice/Summ       1%         N/A       77%         3
 Tukima's Dance           Hex            1%         N/A       77%         3
 Anguish                  Hex/Necr       0%         N/A       99%         4
 Ignite Poison            Fire/Alch      1%         N/A       99%         4
 Freezing Cloud           Conj/Ice/Air   0%         6-21      100%        5
 Yara's Violent Unravell  Hex/Alch       0%         3d3       100%        5
 Sculpt Simulacrum        Ice/Alch       0%         N/A       100%        6


Dungeon Overview and Level Annotations

Branches:
Dungeon (10/15)            Temple (1/1) D:6            Lair (1/5) D:9
    Orc (0/2) D:9           Sewer (visited)          Bailey (visited)

Altars:
Ashenzari
Cheibriados
Dithmenos
Elyvilon
Fedhas
Gozag
Hepliaklqana
Kikubaaqudgha
Makhleb
Nemelex Xobeh
Okawaru
Qazlal
Ru
Sif Muna
Trog
Uskayaw
Vehumet
Wu Jian
Xom
Yredelemnul
Zin
The Shining One

Shops:
D:4 ?[*(   D:8 *

Annotations:
D:9 2 transporters


Innate Abilities, Weirdness & Mutations

You are very small and have problems with some larger weapons.
You are too small for most types of armour.
You have supernaturally acute eyesight. (SInv)
You cover ground extremely quickly. (Speed+++)


Message History

A black mamba comes into view.
The wolf bites you but does no damage.
The helpless wolf fails to defend itself.
You perforate the wolf like a sieve!!!! You freeze the wolf.
You kill the wolf!
The wolf bites you.
Your corrosive artefact corrodes you!
You can now merge with and destroy a victim.
You hit the catoblepas. You freeze the catoblepas.
The catoblepas is lightly wounded.
The wolf misses you.
You hit the catoblepas. You freeze the catoblepas.
The catoblepas is lightly wounded.
The catoblepas gores you! The wolf barely misses you.
Uskayaw links your audience in an emotional bond!
Aiming: Line Pass
Press: ? - help, Dir - move target The catoblepas appears confused.
The black mamba appears confused.
Found 15 gold pieces.
You can no longer merge with and destroy a victim.
You block the catoblepas's attack.
The catoblepas gores itself!!
You kill the wolf!
You hit the catoblepas. You freeze the catoblepas.
The catoblepas is heavily wounded.
You can now merge with and destroy a victim.
You hit the catoblepas but do no damage.
The catoblepas is heavily wounded.
You hit the catoblepas but do no damage.
The catoblepas is heavily wounded.
The catoblepas gores you.
The catoblepas gores itself!!
The catoblepas is killed!
You hit the black mamba but do no damage.
The black mamba is moderately wounded.
The black mamba seems less confused.
You block the black mamba's attack.
You hit the black mamba. You freeze the black mamba.
The black mamba is heavily wounded.
The black mamba bites you!
You barely miss the black mamba.
The black mamba is heavily wounded.
The black mamba bites you!!
You die...

##..###.... ~
##...#.#...
..#.#..P....#
....P...P...#
...........#
...........# ###
.$.....S..### #P.
.......@..†.### #.
.........##.†.##
#.
........###.#†.###
##. ......P.#
####...## #P.
P.....P##
###..#####.
....... ##....(##
....... #.....#.
....##. ##P.#..!
###....


You could see a black mamba (pain bonded).

Vanquished Creatures
  A catoblepas (Lair:2)
  2 two-headed ogres
  Pikel (D:5)
  A cyclops (D:9)
  A komodo dragon (D:9)
  5 dream sheep
  A hornet (D:6)
  4 blink frogs (Lair:1)
  4 yaks (D:10)
  A steam dragon (D:8)
  3 water moccasins
  9 orc warriors
  An ice beast (D:6)
  A black bear (D:7)
  An ogre (D:6)
  6 wolves (Lair:2)
  4 centaurs
  2 kobold brigands
  A brain worm (Sewer)
  A gnoll sergeant (D:10)
  6 bullfrogs
  4 scorpions
  13 wights
  3 killer bees
  8 howler monkeys
  2 orc priests
  4 bombardier beetles (D:5)
  6 hounds
  4 orc wizards
  6 gnolls
  12 adders
  3 river rats (Sewer)
  4 dart slugs
  24 orcs
  6 ball pythons
  4 endoplasms
  4 giant cockroaches
  6 hobgoblins
  5 jackals
  8 quokkas
  8 bats
  7 frilled lizards
  8 goblins
  26 kobolds
  4 rats
235 creatures vanquished.

Notes
Turn   | Place    | Note
-------+----------+-------------------------------------------
     0 | D:1      | monsoonserge the Spriggan Monk began the quest for the Orb.
     0 | D:1      | Reached XP level 1. HP: 11/11 MP: 2/2
   344 | D:1      | Reached XP level 2. HP: 12/16 MP: 3/3
   996 | D:2      | Found the Hermit's Pendant {Faith Invo=14 Evo=0 MP+5}
  1115 | D:2      | Found a broken altar of Ashenzari.
  1204 | D:2      | Reached XP level 3. HP: 16/19 MP: 4/4
  1221 | D:2      | Found a faded altar of an unknown god.
  1962 | D:3      | Reached XP level 4. HP: 23/23 MP: 5/5
  2104 | D:3      | Found a radiant altar of Vehumet.
  2145 | D:3      | Reached skill level 5 in Short Blades
  2303 | D:3      | Found the +5 robe of Misfortune {Harm *Corrode *Slow EV+5}
  2773 | D:4      | Found Pialam's Magic Scroll Shoppe.
  2781 | D:4      | Bought a scroll of noise for 12 gold pieces
  2781 | D:4      | Bought a scroll of teleportation for 36 gold pieces
  2887 | D:4      | Learned a level 2 spell: Blink
  2926 | D:4      | Reached XP level 5. HP: 25/27 MP: 6/6
  3053 | D:4      | Noticed a +0 triple sword
  3055 | D:4      | Found Hutiwkog's Weapon Shoppe.
  3056 | D:4      | Noticed a +0 triple crossbow
  3074 | D:4      | Bought 3 atropa-tipped darts for 32 gold pieces
  3080 | D:4      | Found Anenafimn's Assorted Antiques.
  3087 | D:4      | Bought a scroll labelled XESHRI LUMOGILL for 20 gold pieces
  3087 | D:4      | Bought a scroll labelled ROAPPYH BE SUG for 20 gold pieces
  3087 | D:4      | Bought a scroll labelled VAANUTTUUL for 20 gold pieces
  3265 | D:4      | Found Caozadar's Armour Shop.
  3344 | D:4      | Found an ornate altar of the Wu Jian Council.
  3389 | D:5      | Entered Level 5 of the Dungeon
  3551 | D:5      | Reached skill level 1 in Spellcasting
  3551 | D:5      | Reached skill level 1 in Translocations
  3551 | D:5      | Reached XP level 6. HP: 32/32 MP: 8/8
  3572 | D:5      | Reached skill level 1 in Stealth
  3622 | D:5      | Noticed Pikel
  3861 | D:4      | Bought a viscous ruby potion for 18 gold pieces
  3861 | D:4      | Bought a fizzy golden potion for 18 gold pieces
  4006 | D:5      | Killed Pikel
  4007 | D:5      | Reached skill level 1 in Throwing
  4007 | D:5      | Reached skill level 5 in Dodging
  4007 | D:5      | Reached XP level 7. HP: 30/36 MP: 9/11
  4344 | D:6      | Reached XP level 8. HP: 40/40 MP: 12/12
  4714 | D:6      | Found a staircase to the Ecumenical Temple.
  4723 | Temple   | Entered the Ecumenical Temple
  4773 | D:6      | Found a burning altar of Makhleb.
  4775 | D:6      | Found a glowing silver altar of Zin.
  4775 | D:6      | Noticed an angel
  4775 | D:6      | Noticed a balrug
  5061 | D:6      | Found a glowing drain.
  5065 | Sewer    | Entered a sewer
  6078 | D:6      | Noticed a hornet
  6124 | D:6      | Killed a hornet
  6522 | D:6      | Found an ancient bone altar of Kikubaaqudgha.
  7159 | D:7      | Found a flagged portal.
  7170 | D:7      | Reached XP level 9. HP: 45/45 MP: 13/13
  7202 | D:7      | Noticed a two-headed ogre
  7207 | D:7      | Killed a two-headed ogre
  7208 | D:7      | Reached skill level 10 in Short Blades
  7208 | D:7      | Reached skill level 5 in Stealth
  7344 | Bailey   | Entered a bailey
  7349 | Bailey   | Noticed an orc warlord
  7872 | Bailey   | Found a runed translucent gate.
  7874 | Bailey   | Found a runed translucent gate.
  7875 | Bailey   | Found a runed translucent gate.
  8178 | Bailey   | Acquired 840 gold pieces
  8187 | Bailey   | Identified the staff of the Fox {rElec Str+3 Dex+3 Air}
  9619 | D:7      | Reached XP level 10. HP: 46/47 MP: 14/14
  9848 | D:7      | Reached skill level 5 in Fighting
  9954 | D:8      | Found a hide-covered altar of Uskayaw.
  9979 | D:8      | Became a worshipper of Uskayaw the Reveller
  9979 | D:8      | Reached * piety under Uskayaw
 10075 | D:8      | Reached ** piety under Uskayaw
 10081 | D:8      | Reached skill level 5 in Throwing
 10082 | D:8      | Reached *** piety under Uskayaw
 10465 | D:8      | Reached **** piety under Uskayaw
 10470 | D:8      | Reached ***** piety under Uskayaw
 10474 | D:8      | Reached skill level 10 in Dodging
 10685 | D:8      | Found Huusod's General Store.
 11096 | D:9      | Noticed a cyclops
 11117 | D:9      | Killed a cyclops
 11170 | D:9      | Found a transporter.
 11170 | D:9      | Noticed a centaur warrior
 11173 | D:9      | Noticed a seven-headed hydra
 11175 | D:9      | Noticed a great orb of eyes
 11245 | D:9      | Found a staircase to the Orcish Mines.
 11305 | D:9      | Found a staircase to the Lair.
 11463 | D:9      | Found a transporter.
 11623 | D:9      | Noticed a two-headed ogre
 11635 | D:9      | Killed a two-headed ogre
 11924 | D:10     | Entered Level 10 of the Dungeon
 12055 | D:10     | Reached ****** piety under Uskayaw
 12118 | D:10     | Noticed a two-headed ogre
 12240 | Lair:1   | Entered Level 1 of the Lair of Beasts
 12361 | Lair:1   | Reached skill level 10 in Stealth
 12361 | Lair:1   | Reached XP level 11. HP: 40/56 MP: 22/22
 12366 | Lair:1   | Reached skill level 1 in Shields
 12700 | Lair:1   | You fall into a shaft and drop 1 floor!
 12753 | Lair:2   | Noticed a catoblepas
 12762 | Lair:2   | Killed a catoblepas
 12766 | Lair:2   | Slain by a black mamba

Illustrated notes

Levels and vault maps discovered:
D:1:      minmay_arrival_three_doors, layout_basic
D:2:      layout_loops_ring, basic_altar, ebering_ecumenical_altar_webs,
          minmay_misc_feat_tiny, kennysheep_donut
D:3:      layout_loops_corners, vehumet_crystals, kennysheep_doodads
D:4:      layout_loops_ring, nzn_wu_jian_contemplation, serial_shops,
          nicolae_shop_just_a_little_nook, shop, nicolae_shop_peninsula,
          nicolae_shop_mannequins, serial_glass, glass_columns_a,
          glass_columns_c
D:5:      layout_basic, uniq_pikel
D:6:      layout_basic, marbit_many_paths,
          grunt_temple_overflow_order_and_chaos_2, lemuel_temple_firewalk_b,
          gup_sewer_entry_spiral
D:7:      layout_gridville, enter_bailey_6
D:8:      layout_cave_pods, mainiacjoe_overflow_concentric_impassable,
          serial_shops, shop
D:9:      gammafunk_sealed_arena, layout_basic, david_lair_shrubbed, orc_0_dummy
D:10:     layout_cave_pools
Temple:   kb_temple_of_zot
Lair:1:   layout_layer_cave, chequers_serial_rivers_room_b, lemuel_fruit_tree,
          lemuel_fruit_fields
Lair:2:   layout_cave_pods, chequers_serial_rivers_marsh, serial_bayou_pond_e,
          beast_lair_carwin_7, lemuel_fruit_fields

Skill      XL: |  1  2  3  4  5  6  7  8  9 10 11 |
---------------+----------------------------------+-----
Short Blades   | 4 5 6 8 9 10 | 10.0
Spellcasting   | 1 2 |  2.0
Translocations | 1 3 4 |  4.0
Stealth        | 2 4 6 10 11 | 11.5
Fighting       | 3 4 6 |  6.3
Throwing       | 1 2 4 6 |  6.9
Dodging        | 5 6 9 11 | 11.5
Ranged Weapons | 3 |  3.0
Shields        | 1 |  1.9

Action                     |  1- 3 |  4- 6 |  7- 9 | 10-12 || total
---------------------------+-------+-------+-------+-------++-------
  Melee: Short sword       |   105 |   141 |   815 |   241 ||  1302
         Punch             |       |       |    16 |     2 ||    18
   Fire: Orcbow            |       |       |    10 |       ||    10
  Throw: Dart              |     5 |    12 |    50 |     6 ||    73
         Boomerang         |       |       |    18 |    13 ||    31
   Cast: Blink             |       |       |     1 |       ||     1
 Invoke: Stomp             |       |       |       |    13 ||    13
         Line Pass         |       |       |       |     4 ||     4
    Use: Scroll            |       |     3 |     8 |       ||    11
         Potion            |       |       |     3 |       ||     3
   Stab: Sleeping          |       |     1 |     9 |     1 ||    11
         Invisible         |       |     2 |       |       ||     2
         Distracted        |       |       |     1 |     2 ||     3
         Paralysed         |       |       |       |    15 ||    15
         Confused          |       |       |       |     2 ||     2
 Armour: Robe              |    23 |    17 |   110 |    38 ||   188
         Skin              |       |       |    26 |       ||    26
  Dodge: Dodged            |    55 |    88 |   591 |   144 ||   878
  Block: Buckler           |       |       |       |    13 ||    13
